 Dungeon Crawl Stone Soup version 0.19-a0-1920-g83281cb (webtiles) character file.

853677 taqueso the Axe Maniac (level 27, -3/224 HPs)
             Began as a Formicid Monk on Oct 21, 2016.
             Was a High Priest of the Shining One.
             Killed by divine providence
             ... invoked by a daeva
              (13 damage)
             ... in Pandemonium on Oct 23, 2016.
             The game lasted 08:32:37 (89063 turns).

taqueso the Axe Maniac (Formicid Monk)             Turns: 89063, Time: 08:32:38

Health: -3/224     AC: 36    Str: 28    XL:     27
Magic:  25/25      EV: 27    Int: 20    God:    the Shining One [*****.]
Gold:   6052       SH: 38    Dex: 34    Spells: 0 memorised, 26 levels left

rFire  . . .     SeeInvis +     a - +4 battleaxe of Conformity {flame, rPois MR- Dex+8 Stlth-}
rCold  . . .     Gourm    .     O - +5 chain mail of the Onion {rC- rN++ Dex+3 Slay+5}
rNeg   + + +     Faith    .     d - +0 shield of the Townfolk {Regen+}
rPois  +         Spirit   .     (helmet unavailable)
rElec  +         Reflect  +     t - +2 cloak {+Inv}
rCorr  +         Harm     .     r - +3 pair of gauntlets of War {Slay+5}
MR     ++++.     Clarity  +     V - +2 pair of boots of Cuisugru {*Slow rC+ MR+++ Stlth+}
Stlth  +.........               R - amulet of the Dropbear {Reflect rElec Int+6 Dex+2 SH+6 Stlth+}
                                G - ring of Vetzerha {rElec MP-9 Str+8 Dex+2}
                                y - ring of the Octopus King {rCorr AC+1 EV+1 Str+1 Int+1 Dex+1}

@: divine shield, glowing
A: permanent stasis, dig shafts and tunnels, four strong arms, antennae 3,
clarity, frail 1, low mp 1, weak 1
a: Dig, Shaft Self, Divine Shield, Cleansing Flame, Summon Divine Warrior,
Renounce Religion, Evoke Invisibility
}: 6/15 runes: decaying, slimy, silver, bone, abyssal, gossamer


You were in Pandemonium.
You worshipped the Shining One.
The Shining One was extremely pleased with you.
You were full.

You visited 14 branches of the dungeon, and saw 62 of its levels.
You visited Pandemonium 1 time, and saw 1 of its levels.
You visited the Abyss 1 time.
You visited 1 bazaar.
You also visited: Ossuary, Ice Cave and Wizlab.

You collected 13264 gold pieces.
You spent 7212 gold pieces at shops.

Inventory:

Hand Weapons
 a - the +4 battleaxe of Conformity (weapon) {flame, rPois MR- Dex+8 Stlth-}
   (Okawaru gifted it to you on level 8 of the Dungeon)

   It has been specially enchanted to burn those struck by it, causing extra
   injury to most foes and up to half again as much damage against particularly
   susceptible opponents.
   Big, fiery blades are also staple armaments of hydra-hunters.
   It affects your dexterity (+8).
   It protects you from poison.
   It affects your resistance to hostile enchantments.
   It makes you less stealthy.
 c - a +0 executioner's axe of electrocution
   (Okawaru gifted it to you on level 1 of the Elven Halls)
Missiles
 e - a tomahawk of returning (quivered)
 B - 1090 stones
 C - 8 javelins of returning
 D - 11 javelins
 S - 9 javelins of penetration
Armour
 b - a +2 shield of resistance
   (You found it in Pandemonium)
 d - the +0 shield of the Townfolk (worn) {Regen+}
   (Okawaru gifted it to you on level 5 of the Vaults)

   It increases your rate of regeneration.
 r - the +3 pair of gauntlets of War (worn) {Slay+5}
   (You acquired it on level 1 of the Swamp)

   It affects your accuracy and damage with ranged weapons and melee attacks
   (+5).
 t - a +2 cloak of invisibility (worn)
   (Okawaru gifted it to you on level 3 of the Vaults)
 O - the +5 chain mail of the Onion (worn) {rC- rN++ Dex+3 Slay+5}
   (You bought it in a shop on level 2 of the Orcish Mines)

   It affects your dexterity (+3).
   It affects your accuracy and damage with ranged weapons and melee attacks
   (+5).
   It makes you vulnerable to cold.
   It greatly protects you from negative energy.
 V - the +2 pair of boots of Cuisugru (worn) {*Slow rC+ MR+++ Stlth+}
   (You found it on level 8 of the Dungeon)

   It protects you from cold.
   It affects your resistance to hostile enchantments.
   It may slow you when you take damage.
   It makes you more stealthy.
Jewellery
 y - a ring of the Octopus King (left hand) {rCorr AC+1 EV+1 Str+1 Int+1 Dex+1}
   (You bought it in a shop in a bazaar)

   [ring of resist corrosion]

   It affects your AC (+1).
   It affects your evasion (+1).
   It affects your strength (+1).
   It affects your intelligence (+1).
   It affects your dexterity (+1).
 G - the ring of Vetzerha (right hand) {rElec MP-9 Str+8 Dex+2}
   (You found it on level 3 of the Elven Halls)

   [ring of dexterity]

   It affects your strength (+8).
   It affects your dexterity (+2).
   It insulates you from electricity.
   It affects your magic capacity (-9).
 R - the amulet of the Dropbear (around neck) {Reflect rElec Int+6 Dex+2 SH+6 Stlth+}
   (You bought it in a shop on level 3 of the Vaults)

   [amulet of reflection]

   It shields you and reflects attacks.
   It affects your intelligence (+6).
   It affects your dexterity (+2).
   It insulates you from electricity.
   It affects your SH (+6).
   It makes you more stealthy.
 Y - the ring of Caapra {rC+ Int+3 Dex+4}
   (You took it off a spriggan air mage on level 3 of the Depths)

   [ring of protection from cold]

   It affects your intelligence (+3).
   It affects your dexterity (+4).
   It protects you from cold.
 Z - the ring "Xucsox" {rPois rF+ MR+ Slay+2}
   (You took it off a deep elf death mage on level 3 of the Elven Halls)

   [ring of slaying]

   It affects your accuracy and damage with ranged weapons and melee attacks
   (+2).
   It protects you from fire.
   It protects you from poison.
   It affects your resistance to hostile enchantments.
Wands
 f - a wand of heal wounds (0/9)
   (You found it on level 6 of the Lair of Beasts)
 i - a wand of heal wounds (3/9)
   (You found it on level 1 of the Swamp)
 n - a wand of disintegration (8/24)
   (You found it on level 12 of the Dungeon)
 A - a wand of enslavement (17/24)
   (You found it on level 5 of the Pits of Slime)
 E - a wand of slowing (38/48)
   (You found it on level 8 of the Dungeon)
 Q - a wand of confusion (13/48)
   (You found it on level 6 of the Dungeon)
 U - a wand of paralysis (22/24)
   (You found it on level 6 of the Dungeon)
Scrolls
 h - 26 scrolls of remove curse
 k - 3 scrolls of summoning
 o - 3 scrolls of magic mapping {!r}
 p - a scroll of recharging
 u - a scroll of holy word {!r}
 x - a scroll of enchant armour
 H - 8 scrolls of fear
 I - 9 scrolls of fog
 M - 13 scrolls of identify
 X - 2 scrolls of silence
Potions
 m - 3 potions of resistance
 q - 4 potions of agility
 v - 16 potions of curing
 w - a potion of brilliance
 z - 8 potions of flight
 K - a potion of cure mutation {!q}
 P - 5 potions of might
 W - 2 potions of cancellation
Miscellaneous
 j - 3 phantom mirrors
 s - a disc of storms
   (You found it on level 7 of Tartarus)
 L - 2 boxes of beasts
Comestibles
 l - 17 bread rations {@e1}
 F - 27 meat rations {@e2}
 T - 8 royal jellies


   Skills:
 O Level 27 Fighting
 O Level 27 Axes
 - Level 13.6 Throwing
 * Level 25.6 Armour
 - Level 14.9 Dodging
 - Level 2.4 Stealth
 - Level 19.2 Shields
 - Level 21.7 Invocations
 - Level 11.6 Evocations


You had 26 spell levels left.
You didn't know any spells.

Dungeon Overview and Level Annotations

Branches:
Dungeon (15/15)            Temple (1/1) D:6            Lair (6/6) D:10
  Swamp (4/4) Lair:2       Spider (4/4) Lair:3        Slime (5/5) Lair:5
    Orc (2/2) D:12            Elf (3/3) Orc:2        Vaults (5/5) D:13
  Crypt (3/3) Vaults:3       Tomb (1/3) Crypt:3      Depths (5/5) D:15
   Hell (1/1)                 Dis (0/7) Hell            Geh (0/7) Hell
    Coc (0/7) Hell            Tar (7/7) Hell            Zot (0/5) Depths:5

Altars:
Ashenzari
Cheibriados
Dithmenos
Elyvilon
Fedhas
Gozag
Hepliaklqana
Kikubaaqudgha
Makhleb
Nemelex Xobeh
Okawaru
Qazlal
Ru
Sif Muna
Trog
Uskayaw
Vehumet
Xom
Yredelemnul
Zin
The Shining One
Beogh
Jiyva

Shops:
D:10 ?   D:12 (   D:13 *   D:14 [   Orc:1 }   Orc:2 ?[:?   Elf:1 *?((
Vaults:2 !   Vaults:3 ::=   Depths:1 *   Depths:5 !(

Portals:
Hell: Lair:6 Depths:1 Depths:2 Depths:3 Depths:4 Depths:5
Abyss: Depths:4 Depths:5
Pandemonium: Depths:1 Depths:3 Depths:4
Ziggurat: Depths:5


Innate Abilities, Weirdness & Mutations

You are under a permanent stasis effect.
You can dig through walls and to a lower floor.
Your four strong arms can wield two-handed weapons with a shield.
You have a pair of large antennae on your head. (SInv)
You possess an exceptional clarity of mind.
You are frail. (-10% HP)
Your magical capacity is low. (-10% MP)
You are weak. (Str -2)


Message History

The daeva shouts! x2
The daeva calls down the wrath of Zin upon you.
Zin smites you!
An angel comes into view.
It is wielding a sacred scourge of holy wrath.
You take 10 damage, and have 142/224 hp.
The daeva blocks your attack.
The angel shouts!
An apis comes into view.
The daeva blocks your attack. You block the daeva's attack. x2
A daeva comes into view.
It is wielding a long sword of holy wrath.
The daeva shouts!
You hit the daeva. You burn the daeva. You block the daeva's attack. x2
The daeva calls down the wrath of Zin upon you.
Zin smites you!
You take 12 damage, and have 131/224 hp.
You are too injured to fight recklessly!
You feel much better.
The daeva calls down the wrath of Zin upon you.
Zin smites you!
You regained 16 hp, and now have 148/224 hp.
A daeva comes into view.
It is wielding a scimitar of holy wrath.
The daeva shouts!
You block the daeva's attack. x2
The daeva calls down the wrath of Zin upon you.
Zin smites you!
The daeva calls down the wrath of Zin upon you.
Zin smites you!
The daeva calls down the wrath of Zin upon you.
Zin smites you!
You take 33 damage, and have 115/224 hp.
The daeva blocks your attack. x2; You block the daeva's attack.
The daeva hits you but does no damage. You block the daeva's attack. x2
The daeva blocks your attack.
You closely miss the daeva.
The daeva calls down the wrath of Zin upon you.
Zin smites you!
The daeva calls down the wrath of Zin upon you.
Zin smites you!
You take 28 damage, and have 87/224 hp.
You are too injured to fight recklessly!
You closely miss the daeva. The daeva blocks your attack.
The daeva calls down the wrath of Zin upon you.
Zin smites you! You block the daeva's attack. x2
You take 13 damage, and have 74/224 hp.
You feel much better.
This wand has 0 charges left.
You block the daeva's attack. x2
The daeva calls down the wrath of Zin upon you.
Zin smites you!
The daeva hits you with an eudemon blade of holy wrath! x2
You block the daeva's attack. The daeva hits you but does no damage.
You take 6 damage, and have 68/224 hp.
You open the lid... ...and a mature stingbat beast flies out!
The now-empty box falls apart.
You block the daeva's attack. x2
The daeva calls down the wrath of Zin upon you.
Zin smites you!
* * * LOW HITPOINT WARNING * * *
The daeva hits you with an eudemon blade of holy wrath!
* * * LOW HITPOINT WARNING * * *
You block the daeva's attack.
You take 24 damage, and have 44/224 hp.
You swap places.
The daeva blocks your mature stingbat beast's attack.
Your mature stingbat beast stings the daeva.
The daeva hits your mature stingbat beast with a scimitar of holy wrath! x2
The daeva hits your mature stingbat beast with a long sword of holy wrath!!
The daeva hits your mature stingbat beast with a long sword of holy wrath.
The daeva calls down the wrath of Zin upon you.
Zin smites you!
* * * LOW HITPOINT WARNING * * *
Your mature stingbat beast hits the daeva!
The daeva blocks your mature stingbat beast's attack.
You take 11 damage, and have 33/224 hp.
You feel much better.
This wand has 3 charges left.
Your mature stingbat beast barely misses the daeva.
The daeva blocks your mature stingbat beast's attack.
The daeva hits your mature stingbat beast with a scimitar of holy wrath!
The daeva hits your mature stingbat beast with a scimitar of holy wrath.
The daeva calls down the wrath of Zin upon you.
Zin smites you!
* * * LOW HITPOINT WARNING * * *
The daeva calls down the wrath of Zin upon you.
Zin smites you!
* * * LOW HITPOINT WARNING * * *
The daeva blocks your mature stingbat beast's attack.
Your mature stingbat beast stings the daeva but does no damage.
The daeva hits your mature stingbat beast with an eudemon blade of holy wrath!!
Your mature stingbat beast dies!
Your mature stingbat beast's corpse disappears in a puff of smoke!
You take 12 damage, and have 21/224 hp.
As you read the scroll of fog, it crumbles to dust.
The scroll dissolves into smoke.
The daeva calls down the wrath of Zin upon you.
Zin smites you!
* * * LOW HITPOINT WARNING * * *
The daeva calls down the wrath of Zin upon you.
Zin smites you! The Shining One protects you from harm!
The daeva calls down the wrath of Zin upon you.
Zin smites you!
You die...

.....##..........
................. ..
######## ..#.#############
..####....... ...##
............. ..## {
#............ ..#
......#...... ..# ..#
###########......##. ..#
..A.A#Y#§#§#.#.#.#...####
..# {
#A'AA@§.....'......### ..#
.....#A#§#§#.#.#)#.....##
..# ..#
###########)........ ..#
#........#...... ..## {
#.##...(.....### ...##
#.#......#####
..#.##############....#####
#..................####
###..............###


You could see an apis, 5 daevas and an angel.

Vanquished Creatures
  the Royal Jelly (Slime:5)
  Dissolution (Slime:4)
  An ancient lich (Vaults:5)
  3 juggernauts
  A greater mummy (Tomb:1)
  Boris (Crypt:2)
  Sojobo (Tomb:1)
  Frederick (Depths:4)
  Saint Roka (Elf:2)
  Bai Suzhen (Swamp:4)
  3 caustic shrikes
  Nikola (Swamp:4)
  Jory (Crypt:3)
  Geryon (Hell)
  A golden dragon (Vaults:5)
  A pearl dragon (Pan)
  2 profane servitors
  18 Tzitzimimeh
  Arachne (Spider:3)
  13 bone dragons
  9 doom hounds
  Rupert (D:13)
  A Hellbinder (WizLab)
  8 tentacled monstrosities
  7 liches
  8 deep elf blademasters
  23 titans
  26 acid blobs
  3 deep elf master archers
  Asterion (Depths:2)
  13 sphinxes
  4 tentacled starspawn
  5 ancient champions
  A thorn hunter (Swamp:3)
  2 eldritch tentacles
  2 draconian monks (Tar:7)
  Agnes (Elf:1)
  15 tengu reavers
  8 shadow dragons
  14 azure jellies
  3 storm dragons
  A storm dragon (shapeshifter) (Depths:2)
  Donald (Swamp:4)
  6 revenants
  3 draconian knights
  6 daevas
  26 fire giants
  17 vault wardens
  A ghost moth (shapeshifter) (Depths:2)
  Louise (Swamp:1)
  6 emperor scorpions
  3 deep elf sorcerers
  A draconian scorcher (Tar:1)
  4 ghost moths
  23 frost giants
  2 draconian zealots (Depths:5)
  2 curse skulls (Crypt:2)
  2 balrugs
  2 iron dragons
  6 angels (Pan)
  An orc warlord (Vaults:1)
  8 deep elf elementalists
  A draconian annihilator (Depths:5)
  6 ghouls
  36 reapers
  A spriggan defender (Depths:3)
  An entropy weaver (shapeshifter) (Vaults:5)
  3 ophanim (Pan)
  20 vampire knights
  8 war gargoyles
  2 entropy weavers
  39 very ugly things
  21 ironheart preservers
  21 stone giants
  7 apis (Pan)
  5 green draconians
  A black draconian (Tar:6)
  A lorocyproca (Depths:1)
  5 deep elf demonologists
  A mottled draconian (Depths:5)
  A spark wasp (shapeshifter) (Depths:4)
  Azrael (Spider:3)
  2 dire elephants (Lair:6)
  13 spark wasps
  A yellow draconian (Depths:5)
  A red draconian (Tar:1)
  4 purple draconians
  2 white draconians
  14 deep elf annihilators
  The ghost of Xandrah the Severer, a journeyman MiGl of Zin (Lair:3)
  2 green deaths (Tar:2)
  20 deep elf death magi
  20 ettins
  3 mummy priests (Tomb:1)
  26 jiangshi
  6 crystal guardians (Depths:2)
  An eidolon (Crypt:1)
  4 blizzard demons
  The ghost of fazisi the Demonic Aeon, a journeyman DsFE of Cheibriados (D:13)
  15 fire dragons
  3 kraken zombies (Hell)
  15 great orbs of eyes
  4 death oozes (Slime:5)
  27 yaktaur captains
  9 deep elf high priests
  12 ice dragons
  Fannar (D:12)
  The ghost of Eludmix the Basher, a journeyman MiBe of Trog (Lair:2)
  9 rakshasas
  36 vault guards
  A monstrous demonspawn (Depths:3)
  A quicksilver dragon skeleton (Crypt:2)
  21 hydras
  A hydra (shapeshifter) (Vaults:5)
  A naga warrior (Abyss:1)
  10 death knights
  12 centaur warriors
  3 hell beasts
  Erica (D:8)
  16 ogre magi
  7 ghost crabs
  2 spriggan air magi
  10 deep troll earth magi
  A satyr (Abyss:3)
  6 tengu warriors
  55 dancing weapons
  10 alligators
  8 death yaks
  2 orc high priests
  7 vampire magi
  A queen ant (shapeshifter) (Vaults:5)
  A death yak (shapeshifter) (Depths:5)
  9 deep troll shamans
  4 spriggan berserkers (Depths:3)
  12 sun demons
  A hell hog (Hell)
  Urug (D:13)
  5 thrashing horrors
  3 storm dragon zombies
  6 wretched stars
  32 soul eaters
  A sixfirhy (Depths:4)
  3 titan skeletons
  7 shadow wraiths
  32 hell knights
  67 skeletal warriors
  44 deep elf knights
  3 anaconda zombies
  A cherub (Pan)
  27 shadow demons
  3 iron trolls
  13 glowing orange brains
  The ghost of LogicNinja the Carver, a novice FoMo (D:8)
  2 golden dragon zombies
  3 unseen horrors
  26 deep trolls
  3 obsidian statues (Depths:2)
  2 infernal demonspawn (Depths:3)
  3 spriggan druids
  49 deep elf archers
  7 flayed ghosts
  2 shadow dragon zombies
  A death drake (Tar:7)
  13 swamp dragons
  8 wizards
  4 shambling mangroves
  A golden dragon skeleton (Tar:2)
  An orange crystal statue (D:13)
  16 ironbrand convokers
  3 lindwurms (Swamp:4)
  A tengu zombie (Vaults:1)
  A harpy (shapeshifter) (D:15)
  4 wolf spider zombies
  111 deep elf magi
  10 hill giants
  2 anaconda skeletons
  21 necromancers
  18 orc knights
  5 harpies (Vaults:3)
  10 orb spiders
  2 mana vipers (shapeshifter) (Vaults:5)
  2 human zombies
  52 ugly things
  28 wolf spiders
  18 phantasmal warriors
  A fire giant zombie (Hell)
  14 orc sorcerers
  2 frost giant zombies
  A salamander (Abyss:3)
  A manticore (D:15)
  A manticore (shapeshifter) (Vaults:5)
  2 cyclopes (shapeshifter)
  5 shining eyes
  3 shadow dragon skeletons
  4 elephants (Lair:6)
  A faun (Lair:1)
  A sphinx skeleton (Vaults:3)
  A salamander (shapeshifter) (Vaults:5)
  4 cyclopes
  A faun (shapeshifter) (Vaults:5)
  An iron dragon skeleton (Crypt:2)
  3 moths of wrath
  2 iron dragon zombies (Tar:2)
  A worldbinder (Abyss:2)
  2 stone giant zombies (Tar:7)
  7 frost giant skeletons
  4 stone giant skeletons
  An ice statue (IceCv)
  2 elephants (shapeshifter)
  A naga mage (Abyss:3)
  7 black mambas
  21 vault sentinels
  2 fire giant skeletons
  3 dire elephant zombies
  A black mamba (shapeshifter) (Depths:3)
  A water nymph (shapeshifter) (Elf:3)
  2 molten gargoyles
  4 orange demons
  5 rust devils
  3 torpor snails (shapeshifter) (Vaults:5)
  2 smoke demons (Abyss:3)
  A pale draconian zombie (Crypt:1)
  5 eyes of devastation
  21 spiny frogs
  3 gargoyles
  A dire elephant skeleton (Tar:7)
  2 guardian serpents
  5 rime drakes (Lair:6)
  A spiny frog (shapeshifter) (Depths:3)
  3 torpor snails
  15 freezing wraiths
  47 yaktaurs
  2 catoblepas zombies
  18 demonic crawlers
  7 spectral swamp worms (Tar:7)
  6 hellions
  5 kobold demonologists
  An efreet (D:13)
  A komodo dragon (shapeshifter) (Depths:4)
  6 tormentors
  8 komodo dragons
  A ghost moth simulacrum (Crypt:3)
  3 hellwings
  6 ice devils
  A minotaur zombie (Crypt:1)
  29 jumping spiders
  A white draconian skeleton (Crypt:2)
  2 hydra zombies
  3 guardian mummies (Tomb:1)
  6 red devils
  8 tengu conjurers
  A queen bee (Abyss:3)
  7 silent spectres
  7 trolls
  2 queen bees (shapeshifter)
  3 ancient zymes
  2 harpy zombies
  4 raiju
  A meliai (shapeshifter) (Vaults:3)
  22 polar bears
  2 polar bears (shapeshifter)
  9 meliai
  4 tyrant leeches
  20 hornets
  A two-headed ogre (shapeshifter) (Vaults:3)
  A hydra skeleton (Tar:7)
  A slime creature (shapeshifter) (Depths:2)
  2 wind drakes (Depths:2)
  13 bog bodies
  An iron dragon simulacrum (Crypt:2)
  A frost giant simulacrum (Vaults:3)
  115 slime creatures
  25 two-headed ogres
  4 fire dragon zombies
  6 blink frogs
  A human simulacrum (Vaults:1)
  A stone giant simulacrum (Vaults:1)
  10 hippogriffs
  Sigmund (D:3)
  A spectral manticore (Crypt:3)
  12 large abominations
  2 ettin zombies
  2 fire giant simulacra
  An alligator zombie (Tar:4)
  2 ice dragon zombies (Tar:7)
  9 air elementals
  7 water elementals
  15 wraiths
  95 flying skulls
  3 ice dragon skeletons
  59 redbacks
  5 spriggans
  A spriggan (shapeshifter) (Vaults:4)
  46 yaks
  A tarantella (shapeshifter) (Depths:1)
  31 tarantellas
  3 fire dragon skeletons
  The ghost of asss the Skirmisher, an amateur HOMo (D:5)
  7 ettin skeletons
  A vampire (D:15)
  6 ynoxinuls
  4 ushabtiu (Tomb:1)
  A chaos spawn (Depths:4)
  5 wyverns
  38 shadows
  A hog (shapeshifter) (Depths:2)
  A basilisk (shapeshifter) (Depths:3)
  A basilisk (D:12)
  12 fire elementals
  14 golden eyes
  9 hungry ghosts
  A black mamba skeleton (Crypt:2)
  2 neqoxecs (Abyss:3)
  10 vampire mosquitoes
  20 swamp worms
  A steam dragon (D:13)
  Menkaure (D:4)
  17 wargs
  10 insubstantial wisps
  5 mottled dragons
  4 nagas
  A spiny frog zombie (Hell)
  15 hell hounds
  11 water moccasins
  A merfolk skeleton (Tar:3)
  4 spiny frog skeletons
  3 floating eyes
  40 orc warriors
  15 porcupines
  10 swamp drakes
  2 swamp dragon zombies
  A lindwurm zombie (Crypt:1)
  2 ice beasts (shapeshifter)
  A sky beast (D:14)
  An elf zombie (Vaults:4)
  A hornet zombie (Ossuary)
  The ghost of asss the Skirmisher, an amateur HOMo (D:3)
  3 ice beasts
  62 ogres
  A black bear (D:8)
  An ettin simulacrum (Vaults:2)
  7 phantoms
  9 eyes of draining
  An orc skeleton (Vaults:2)
  A fire dragon simulacrum (Abyss:3)
  39 necrophages
  16 starcursed masses
  A snapping turtle zombie (Hell)
  9 boggarts
  A dream sheep skeleton (Crypt:2)
  A snapping turtle skeleton (Hell)
  11 wolves (IceCv)
  A manticore skeleton (Tomb:1)
  23 centaurs
  15 crocodiles
  2 salamander skeletons (Crypt:1)
  6 big kobolds
  16 bullfrogs
  9 earth elementals
  A water moccasin zombie (Ossuary)
  2 human skeletons
  3 wyvern skeletons
  A scorpion (D:12)
  12 killer bees
  A killer bee (shapeshifter) (Depths:2)
  43 wights
  3 electric eels
  3 centaur zombies (Ossuary)
  9 small abominations
  A bullfrog zombie (Crypt:2)
  3 jellies
  5 quasits
  11 crimson imps
  A basilisk zombie (Crypt:2)
  8 centaur skeletons
  11 hounds
  A gnoll shaman (D:4)
  24 orc priests
  38 orc wizards
  5 iron imps
  3 bullfrog skeletons
  20 mummies
  Terence (D:3)
  4 iguanas
  5 worker ants
  A killer bee zombie (D:8)
  A naga zombie (Tar:7)
  A demigod zombie (Crypt:1)
  A naga skeleton (Crypt:2)
  3 hound zombies
  An ogre skeleton (Tar:7)
  A hound skeleton (Crypt:2)
  2 worker ant zombies
  Robin (D:1)
  11 gnolls
  18 adders
  A river rat (shapeshifter) (Depths:1)
  A swamp drake skeleton (Crypt:1)
  20 shadow imps
  3 white imps (Abyss:3)
  2 oozes
  An adder zombie (Ossuary)
  3 worms
  2 ball lightnings (Depths:2)
  4 dart slugs
  5 leopard geckos
  120 orcs
  2 ball pythons
  5 bats
  7 giant cockroaches
  A gnoll zombie (Crypt:2)
  23 goblins
  11 hobgoblins
  9 jackals
  21 kobolds
  2 quokkas
  8 frilled lizards
  2 jackal skeletons
  2 jackal zombies (Ossuary)
  A leopard gecko skeleton (D:5)
  2 leopard gecko zombies (Ossuary)
  An orc zombie (Hell)
  A quokka zombie (Ossuary)
  5 rats
  A river rat zombie (Crypt:1)
  A fungus (Lair:6)
  2 plants
  7 starspawn tentacles
  6 tentacles
3601 creatures vanquished.

Vanquished Creatures (collateral kills)
  Ereshkigal (Tar:7)
  7 doom hounds
  11 Tzitzimimeh
  3 bone dragons
  2 deep elf master archers (Tar:7)
  2 deep elf blademasters
  3 eldritch tentacles
  2 shadow dragons (Tar:6)
  2 fire giants
  A draconian knight (Tar:6)
  A frost giant (Tar:2)
  13 reapers
  A stone giant (Tar:7)
  A green draconian (Tar:7)
  2 red draconians (Tar:7)
  A mottled draconian (Tar:7)
  2 white draconians
  2 deep elf death magi
  A spectral kraken (Tar:7)
  A vampire mage (Tar:7)
  A thrashing horror (Abyss:2)
  A titan zombie (Tar:7)
  A storm dragon zombie (Tar:6)
  6 soul eaters (Tar:7)
  A deep elf knight (Tar:7)
  3 hell knights
  A wretched star (Abyss:3)
  18 skeletal warriors
  10 shadow demons
  A death drake (Tar:7)
  2 anaconda zombies (Tar:7)
  A golden dragon skeleton (Tar:7)
  A flayed ghost (Tar:6)
  2 large abominations (Abyss:3)
  2 phantasmal warriors
  A ghost moth zombie (Tar:6)
  2 deep elf archers (Tar:6)
  2 wolf spider zombies
  A necromancer (Tar:3)
  A deep elf mage (Tar:7)
  A frost giant zombie (Tar:6)
  A wolf spider (Spider:2)
  A worldbinder (Abyss:1)
  A stone giant skeleton (Tar:7)
  A fire giant skeleton (Tar:7)
  A catoblepas zombie (Tar:2)
  7 spectral swamp worms (Tar:7)
  A dire elephant skeleton (Tar:7)
  4 hellions
  4 tormentors
  A freezing wraith (Tar:2)
  A hydra zombie (Tar:6)
  A silent spectre (Tar:6)
  2 meliai (Abyss:3)
  A harpy skeleton (Tar:6)
  A raiju (Abyss:1)
  2 ettin zombies (Tar:7)
  A hydra skeleton (Tar:3)
  8 flying skulls
  An ettin skeleton (Tar:5)
  4 shadows
  A ynoxinul (Abyss:3)
  A wraith (Tar:5)
  A chaos spawn (Abyss:2)
  A naga (Abyss:1)
  A hell hound (Tar:4)
  A snapping turtle zombie (Tar:7)
  6 necrophages
  A spiny frog skeleton (Tar:7)
  A swamp dragon skeleton (Tar:7)
  7 wights
  A killer bee (Abyss:3)
  A quasit (Abyss:1)
  2 starcursed masses
  A tengu zombie (Tar:7)
  A tengu skeleton (Tar:7)
  7 shadow imps
  A tentacle (Tar:7)
197 creatures vanquished.

Vanquished Creatures (others)
  A deep elf master archer (Tar:7)
  A fire giant (Depths:3)
  An emperor scorpion (Spider:4)
  3 stone giants
  6 yaktaur captains
  A tengu warrior (Depths:1)
  2 deep elf knights
  A skeletal warrior (Crypt:3)
  A deep elf archer (Tar:7)
  A shadow demon (Tar:7)
  A deep elf mage (Elf:1)
  A necromancer (Vaults:4)
  A rust devil (Hell)
  3 yaktaurs
  4 polar bears (IceCv)
  2 fire elementals (Depths:2)
  A hell hound (Tar:1)
  An orc warrior (Elf:3)
  An ogre (Vaults:2)
  3 wolves (IceCv)
  A centaur (Depths:3)
  A small abomination (Abyss:3)
  A swamp dragon simulacrum (Tomb:1)
  A killer bee (Abyss:3)
  An electric eel (D:15)
  A crimson imp (D:15)
  An orc wizard (Orc:2)
  2 mummies (Tomb:1)
  A white imp (WizLab)
  7 ball lightnings (Depths:2)
  2 orcs
  A jackal (D:3)
  8 fungi
  A plant (Lair:2)
  6 starspawn tentacles
  22 tentacles
  2 withered plants (Ossuary)
95 creatures vanquished.

Grand Total: 3893 creatures vanquished

Notes
Turn   | Place    | Note
-------+----------+-------------------------------------------
     0 | D:1      | taqueso the Formicid Monk began the quest for the Orb.
     0 | D:1      | Reached XP level 1. HP: 18/18 MP: 1/1
    88 | D:1      | Reached XP level 2. HP: 15/24 MP: 2/2
   670 | D:1      | Found an iron altar of Okawaru.
   677 | D:1      | Reached XP level 3. HP: 29/29 MP: 3/3
   677 | D:1      | Reached skill level 4 in Axes
   703 | D:1      | Became a worshipper of Warmaster Okawaru
   703 | D:1      | Reached * piety under Okawaru
   703 | D:1      | Reached ** piety under Okawaru
   805 | D:1      | Reached skill level 1 in Armour
  1082 | D:2      | Noticed Robin
  1217 | D:1      | Reached XP level 4. HP: 19/35 MP: 4/4
  1225 | D:1      | Killed Robin
  1225 | D:1      | Reached skill level 1 in Invocations
  1524 | D:2      | Reached skill level 2 in Armour
  1726 | D:2      | Reached XP level 5. HP: 41/41 MP: 6/6
  2543 | D:3      | Noticed asss's ghost (amateur HOMo)
  2579 | D:3      | Killed asss's ghost
  2579 | D:3      | Reached skill level 5 in Axes
  2579 | D:3      | Reached skill level 2 in Invocations
  2579 | D:3      | Reached XP level 6. HP: 15/47 MP: 5/7
  3209 | D:3      | Reached skill level 3 in Armour
  3251 | D:3      | Noticed Terence
  3271 | D:3      | Killed Terence
  3350 | D:3      | Reached skill level 3 in Invocations
  3655 | D:3      | Noticed Sigmund
  3673 | D:3      | Killed Sigmund
  3673 | D:3      | Reached *** piety under Okawaru
  3673 | D:3      | Reached skill level 6 in Axes
  3673 | D:3      | Reached XP level 7. HP: 45/52 MP: 7/9
  3832 | D:3      | Found a snail-covered altar of Cheibriados.
  3832 | D:3      | Found a faded altar of an unknown god.
  3840 | D:3      | Found a faded altar of an unknown god.
  3842 | D:3      | Found a faded altar of an unknown god.
  3844 | D:3      | Found a faded altar of an unknown god.
  3932 | D:3      | HP: 9/52 [orc priest/divine providence (14)]
  3941 | D:3      | HP: 4/52 [orc priest/morningstar (3)]
  4798 | D:4      | Noticed Menkaure
  4802 | D:4      | Killed Menkaure
  4802 | D:4      | Reached skill level 7 in Axes
  4802 | D:4      | Reached XP level 8. HP: 56/58 MP: 7/10
  4921 | D:4      | Found a burning altar of Makhleb.
  5152 | D:4      | Found a hazy altar of Hepliaklqana.
  5246 | D:4      | Reached skill level 8 in Axes
  5406 | D:4      | Reached **** piety under Okawaru
  5450 | D:4      | Found a basalt altar of Yredelemnul.
  5496 | D:4      | Found a white marble altar of Elyvilon.
  5590 | D:5      | Entered Level 5 of the Dungeon
  5700 | D:5      | Reached skill level 9 in Axes
  5995 | D:5      | Noticed asss's ghost (amateur HOMo)
  6011 | D:5      | Killed asss's ghost
  6057 | D:5      | Found a deep blue altar of Sif Muna.
  6377 | D:5      | Reached XP level 9. HP: 64/64 MP: 11/11
  6718 | D:6      | Found a staircase to the Ecumenical Temple.
  6728 | Temple   | Entered the Ecumenical Temple
  7242 | D:6      | Reached skill level 10 in Axes
  7415 | D:6      | Found a bloodstained altar of Trog.
  7770 | D:7      | Reached skill level 4 in Armour
  8324 | D:7      | Found a shattered altar of Ashenzari.
  8325 | D:7      | Found a hide-covered altar of Uskayaw.
  8447 | D:8      | Noticed LogicNinja's ghost (novice FoMo)
  8469 | D:8      | Killed LogicNinja's ghost
  8469 | D:8      | Reached ***** piety under Okawaru
  8469 | D:8      | Reached skill level 5 in Invocations
  8469 | D:8      | Reached skill level 3 in Evocations
  8479 | D:8      | Found a sand-covered staircase.
  8492 | Ossuary  | Entered an ossuary
  8521 | Ossuary  | Reached skill level 4 in Evocations
  8603 | Ossuary  | Received a gift from Okawaru
  8603 | Ossuary  | Reached XP level 10. HP: 66/70 MP: 13/13
  8693 | Ossuary  | Reached skill level 6 in Invocations
  8720 | Ossuary  | HP: 10/70 [mummy (8)]
  9011 | D:8      | Reached skill level 7 in Invocations
  9011 | D:8      | Reached skill level 5 in Evocations
  9286 | D:8      | Reached skill level 8 in Invocations
  9415 | D:8      | Noticed Erica
  9439 | D:8      | Killed Erica
  9439 | D:8      | Reached skill level 9 in Invocations
  9439 | D:8      | Reached skill level 6 in Evocations
  9731 | D:8      | Noticed a deep elf mage
  9745 | D:8      | HP: 11/69 [deep elf mage/bolt of fire (22)]
  9746 | D:8      | Killed a deep elf mage
  9746 | D:8      | Received a gift from Okawaru
  9747 | D:8      | Got a slimy battleaxe {god gift}
  9748 | D:8      | Identified the +4 battleaxe of Conformity {flame, rPois MR- Dex+8 Stlth-} (Okawaru gifted it to you on level 8 of the Dungeon)
 10264 | D:8      | Got a pair of encrusted boots
 10270 | D:8      | Identified the +2 pair of boots of Cuisugru {*Slow rC+ MR+++ Stlth+} (You found it on level 8 of the Dungeon)
 10425 | D:9      | Reached skill level 10 in Invocations
 10617 | D:9      | Reached XP level 11. HP: 67/74 MP: 18/18
 10667 | D:9      | Found a shadowy altar of Dithmenos.
 10716 | D:9      | Reached skill level 11 in Axes
 10906 | D:10     | Entered Level 10 of the Dungeon
 10985 | D:10     | Found Tuixi's Magic Scroll Emporium.
 10995 | D:10     | Bought a scroll of magic mapping for 45 gold pieces
 11076 | D:10     | Gained mutation: You have large cloven feet. [potion of mutation]
 11076 | D:10     | Gained mutation: You are weak. (Str -2) [potion of mutation]
 11076 | D:10     | Gained mutation: You are somewhat resistant to further mutation. [potion of mutation]
 11077 | D:10     | Lost mutation: You are somewhat resistant to further mutation. [potion of mutation]
 11077 | D:10     | Gained mutation: Your spells are a little harder to cast, but a little more powerful. [potion of mutation]
 11117 | D:10     | Lost mutation: You have large cloven feet. [potion of cure mutation]
 11117 | D:10     | Lost mutation: You are weak. (Str -2) [potion of cure mutation]
 11117 | D:10     | Lost mutation: Your spells are a little harder to cast, but a little more powerful. [potion of cure mutation]
 11119 | D:10     | Reached skill level 5 in Armour
 11268 | D:10     | Reached skill level 3 in Dodging
 11273 | D:10     | Reached skill level 4 in Fighting
 11286 | D:10     | Noticed a hill giant
 11290 | D:10     | Received a gift from Okawaru
 11297 | D:10     | Killed a hill giant
 11297 | D:10     | Reached skill level 6 in Armour
 11300 | D:10     | Got a jewelled war axe {god gift}
 11301 | D:10     | Identified the +8 war axe "Demonbane" {chop, rElec rF++} (Okawaru gifted it to you on level 10 of the Dungeon)
 11457 | D:10     | Found a staircase to the Lair.
 11901 | D:10     | Noticed a hill giant
 11909 | D:10     | Killed a hill giant
 12016 | D:10     | Noticed a hill giant
 12020 | D:10     | HP: 12/77 [hill giant/giant spiked club (27)]
 12022 | D:10     | Killed a hill giant
 12287 | Lair:1   | Entered Level 1 of the Lair of Beasts
 12428 | Lair:1   | HP: 18/77 [poisoned by a spiny frog]
 12430 | Lair:1   | Reached skill level 5 in Fighting
 12430 | Lair:1   | Reached skill level 4 in Dodging
 12433 | Lair:1   | HP: 15/78 [poisoned by a spiny frog]
 12439 | Lair:1   | HP: 12/78 [poisoned by a spiny frog]
 12446 | Lair:1   | HP: 11/78 [poisoned by a spiny frog]
 12453 | Lair:1   | HP: 10/78 [poisoned by a spiny frog]
 12461 | Lair:1   | HP: 10/78 [poisoned by a spiny frog]
 12856 | Lair:1   | Noticed a faun
 12866 | Lair:1   | Killed a faun
 12866 | Lair:1   | Received a gift from Okawaru
 12866 | Lair:1   | Reached skill level 7 in Armour
 12901 | Lair:1   | Reached skill level 12 in Axes
 13404 | Lair:1   | HP: 9/79 [blink frog (13)]
 13409 | Lair:1   | HP: 4/80 [blink frog (4)]
 13422 | Lair:1   | Reached XP level 12. HP: 7/86 MP: 19/19
 14264 | Lair:2   | Found a frozen archway.
 14436 | Lair:2   | Noticed Eludmix's ghost (journeyman MiBe)
 14456 | Lair:2   | Killed Eludmix's ghost
 14456 | Lair:2   | Reached skill level 6 in Fighting
 14616 | Lair:2   | Noticed an eight-headed hydra
 14628 | Lair:2   | Killed a five-headed hydra
 14628 | Lair:2   | Reached skill level 5 in Dodging
 14677 | IceCv    | Entered an ice cave
 14724 | IceCv    | Reached skill level 8 in Armour
 14746 | IceCv    | Reached skill level 13 in Axes
 15005 | IceCv    | Received a gift from Okawaru
 15010 | IceCv    | Got a transparent dire flail {god gift}
 15158 | IceCv    | Reached skill level 7 in Fighting
 15264 | IceCv    | Noticed a frost giant
 15264 | IceCv    | Noticed a death yak
 15284 | IceCv    | Reached XP level 13. HP: 42/96 MP: 12/20
 15291 | IceCv    | Killed a frost giant
 15377 | IceCv    | Reached skill level 9 in Armour
 15377 | IceCv    | Reached skill level 6 in Dodging
 16150 | Lair:2   | Reached skill level 8 in Fighting
 16150 | Lair:2   | Reached skill level 14 in Axes
 16411 | Lair:2   | Received a gift from Okawaru
 16616 | Lair:2   | Found a staircase to the Swamp.
 17064 | Lair:3   | Noticed a six-headed hydra
 17089 | Lair:3   | Killed a two-headed hydra
 17389 | Lair:3   | Found a hole to the Spider Nest.
 17626 | Lair:3   | Noticed Xandrah's ghost (journeyman MiGl)
 17638 | Lair:3   | Killed Xandrah's ghost
 17638 | Lair:3   | Reached skill level 7 in Dodging
 17674 | Lair:3   | Gained mutation: Your mind is acute. (Int +2) [potion of beneficial mutation]
 18481 | Lair:4   | Received a gift from Okawaru
 18820 | Lair:4   | Reached skill level 10 in Armour
 19067 | Lair:5   | Got a sparkling marble ring
 19069 | Lair:5   | Identified the ring "Koatido" {rPois rC+ Int-5 Stlth+} (You found it on level 5 of the Lair of Beasts)
 19197 | Lair:5   | Reached XP level 14. HP: 96/106 MP: 21/21
 19279 | Lair:5   | Found a runed door.
 19326 | Lair:5   | Found a viscous altar of Jiyva.
 19326 | Lair:5   | Noticed an acid blob
 19327 | Lair:5   | Found a staircase to the Slime Pits.
 19327 | Lair:5   | Noticed an acid blob
 19395 | Lair:5   | Reached skill level 9 in Fighting
 19811 | Lair:5   | Reached skill level 15 in Axes
 20222 | Lair:5   | Received a gift from Okawaru
 20224 | Lair:5   | Got a translucent animal skin {god gift}
 20384 | Lair:5   | Identified the +1 animal skin of Springtime {rF+ rCorr Str+5} (Okawaru gifted it to you on level 5 of the Lair of Beasts)
 20458 | Lair:6   | Entered Level 6 of the Lair of Beasts
 20480 | Lair:6   | Reached ****** piety under Okawaru
 20567 | Lair:6   | Reached skill level 8 in Dodging
 21484 | Lair:6   | Reached skill level 10 in Fighting
 21758 | Lair:6   | Noticed a dire elephant
 21772 | Lair:6   | Killed a dire elephant
 21772 | Lair:6   | Reached skill level 11 in Armour
 22027 | Lair:6   | Noticed a dire elephant
 22039 | Lair:6   | Killed a dire elephant
 22144 | Lair:6   | Found a burning altar of Makhleb.
 22229 | Lair:6   | Received a gift from Okawaru
 22445 | Lair:6   | Found a gateway to Hell.
 22452 | Lair:6   | Reached XP level 15. HP: 98/115 MP: 20/22
 22541 | Lair:6   | Reached skill level 16 in Axes
 23733 | D:12     | Noticed Fannar
 23751 | D:12     | Killed Fannar
 24512 | D:12     | Found Ihialug's Antique Weapon Shop.
 24533 | D:12     | Got a steaming flail
 24572 | D:12     | Found a staircase to the Orcish Mines.
 24656 | Orc:1    | Entered Level 1 of the Orcish Mines
 24664 | Orc:1    | HP: 14/117 [ettin/great mace (23)]
 24671 | Orc:1    | Found Lux Yxotz's Quality Used Wands.
 25503 | Orc:1    | Reached skill level 9 in Dodging
 26064 | Orc:2    | Entered Level 2 of the Orcish Mines
 26371 | Orc:2    | Found a staircase to the Elven Halls.
 26516 | Orc:2    | Found a roughly hewn altar of Beogh.
 26649 | Orc:2    | Reached skill level 11 in Fighting
 26672 | Orc:2    | Received a gift from Okawaru
 26839 | Orc:2    | Found Oggoupa's Book Shop.
 26839 | Orc:2    | Found Kucuboug's Magic Scroll Shoppe.
 26913 | Orc:2    | Bought a scroll of magic mapping for 52 gold pieces
 26913 | Orc:2    | Bought a scroll of identify for 30 gold pieces
 26925 | Orc:2    | Found a roughly hewn altar of Beogh.
 26960 | Orc:2    | Reached skill level 12 in Armour
 27334 | Orc:2    | Found Seeh's Magic Scroll Shop.
 27334 | Orc:2    | Found Tias's Antique Armour Shoppe.
 27339 | Orc:2    | Bought a scroll of vulnerability for 97 gold pieces
 27339 | Orc:2    | Bought a scroll of brand weapon for 260 gold pieces
 27339 | Orc:2    | Bought a scroll of identify for 26 gold pieces
 27351 | Orc:2    | Bought a translucent chain mail for 285 gold pieces
 27351 | Orc:2    | Bought a twisted chain mail for 285 gold pieces
 27351 | Orc:2    | Bought an embroidered cloak for 315 gold pieces
 27376 | Orc:2    | Identified the +5 chain mail of the Onion {rC- rN++ Dex+3 Slay+5} (You bought it in a shop on level 2 of the Orcish Mines)
 27386 | Orc:2    | Identified the +4 chain mail of Demons {Int+8 Dex+3} (You bought it in a shop on level 2 of the Orcish Mines)
 27613 | Elf:1    | Entered Level 1 of the Elven Halls
 27657 | Elf:1    | Found a radiant altar of Vehumet.
 27706 | Elf:1    | HP: 21/119 [deep elf mage/lance of force (19)]
 27939 | D:12     | Upgraded the game from 0.19-a0-1903-gead39cf to 0.19-a0-1907-gcff654f
 28310 | Swamp:1  | Entered Level 1 of the Swamp
 28389 | Swamp:1  | Reached skill level 17 in Axes
 28456 | Swamp:1  | Reached XP level 16. HP: 102/125 MP: 23/23
 28483 | Swamp:1  | Identified a scroll of acquirement
 28549 | Swamp:1  | Noticed Louise
 28563 | Swamp:1  | Killed Louise
 28735 | Swamp:1  | Reached skill level 1 in Shields
 29555 | Swamp:2  | Reached skill level 2 in Shields
 29769 | Swamp:2  | Reached skill level 3 in Shields
 30286 | Swamp:3  | Reached skill level 4 in Shields
 30932 | Swamp:3  | Reached skill level 5 in Shields
 31183 | Swamp:4  | Entered Level 4 of the Swamp
 31190 | Swamp:4  | Reached skill level 18 in Axes
 31215 | Swamp:4  | Noticed Bai Suzhen
 31238 | Swamp:4  | Killed Bai Suzhen
 31238 | Swamp:4  | Received a gift from Okawaru
 31239 | Swamp:4  | Noticed Donald
 31252 | Swamp:4  | Reached skill level 6 in Shields
 31264 | Swamp:4  | Killed Donald
 31315 | Swamp:4  | HP: 31/126 [shambling mangrove (6)]
 31427 | Swamp:3  | Noticed a thorn hunter
 31443 | Swamp:2  | HP: 29/126 [alligator (6)]
 31444 | Swamp:2  | Reached skill level 7 in Shields
 31948 | Swamp:3  | Reached XP level 17. HP: 131/131 MP: 24/24
 32005 | Swamp:3  | Killed a thorn hunter
 32395 | Swamp:3  | Received a gift from Okawaru
 32427 | Swamp:3  | Reached skill level 19 in Axes
 32617 | Swamp:4  | Reached skill level 8 in Shields
 32833 | Swamp:4  | Noticed Nikola
 32844 | Swamp:4  | Killed Nikola
 33424 | Swamp:4  | Reached skill level 9 in Shields
 33752 | Swamp:4  | Got a decaying rune of Zot
 33858 | Spider:1 | Entered Level 1 of the Spider Nest
 34709 | Spider:1 | Received a gift from Okawaru
 34899 | Spider:1 | Reached skill level 20 in Axes
 34899 | Spider:1 | Reached skill level 10 in Shields
 35008 | Swamp:2  | Received a gift from Okawaru
 35009 | Swamp:2  | Got a bronze scale mail {god gift}
 35020 | Swamp:2  | Identified the +5 scale mail "Qoucoz" {rPois rC- Int+2} (Okawaru gifted it to you on level 2 of the Swamp)
 35516 | Spider:2 | Reached XP level 18. HP: 138/138 MP: 25/25
 35938 | Spider:3 | Noticed Azrael
 36015 | Spider:3 | Noticed Arachne
 36015 | Spider:3 | Killed Azrael
 36044 | Spider:3 | Killed Arachne
 36044 | Spider:3 | Reached skill level 11 in Shields
 36485 | Spider:4 | Entered Level 4 of the Spider Nest
 37284 | Spider:4 | Reached skill level 21 in Axes
 37338 | Spider:4 | Reached skill level 12 in Shields
 37991 | Spider:4 | Received a gift from Okawaru
 38210 | Spider:4 | Got a fine robe {god gift}
 38306 | Spider:4 | Reached XP level 19. HP: 101/144 MP: 0/26
 38312 | Spider:4 | Got a gossamer rune of Zot
 39133 | Elf:1    | Noticed Agnes
 39140 | Elf:1    | Killed Agnes
 39152 | Elf:1    | Found Dituqury's Magic Scroll Boutique.
 39161 | Elf:1    | Found Oseiben's Antique Weapon Boutique.
 39164 | Elf:1    | Bought a scroll of magic mapping for 42 gold pieces
 39164 | Elf:1    | Bought 3 scrolls of identify for 72 gold pieces
 39164 | Elf:1    | Bought a scroll of identify for 24 gold pieces
 39250 | Elf:1    | Reached skill level 13 in Shields
 39323 | Elf:1    | Found Qoax's Antique Weapon Shop.
 39909 | Elf:1    | Reached skill level 22 in Axes
 40114 | Elf:1    | Received a gift from Okawaru
 40257 | Elf:1    | Found Naceroy's Assorted Antiques.
 40268 | Elf:1    | Bought a potion of heal wounds for 125 gold pieces
 40268 | Elf:1    | Bought a scroll of magic mapping for 87 gold pieces
 40268 | Elf:1    | Bought a murky amethyst potion for 22 gold pieces
 40271 | Elf:1    | Reached skill level 5 in Throwing
 40311 | Elf:1    | Reached XP level 20. HP: 140/151 MP: 27/27
 40715 | Elf:2    | Noticed Saint Roka
 40737 | Elf:2    | HP: 32/151 [Saint Roka/divine providence (11)]
 40743 | Elf:2    | Killed Saint Roka
 41074 | Elf:2    | Reached skill level 14 in Shields
 41151 | Elf:2    | Received a gift from Okawaru
 41354 | Elf:2    | Found a runed gate.
 41354 | Elf:2    | Found a runed gate.
 41364 | Elf:2    | Found a runed gate.
 41682 | Elf:2    | Reached XP level 21. HP: 157/157 MP: 28/28
 42073 | Elf:2    | Reached skill level 23 in Axes
 42160 | Elf:2    | Received a gift from Okawaru
 42348 | Elf:3    | Entered Level 3 of the Elven Halls
 42519 | Elf:3    | Found a deep blue altar of Sif Muna.
 42606 | Elf:3    | Found a flickering gateway to a bazaar.
 42637 | Bazaar   | Entered a bazaar
 42646 | Bazaar   | Found Gastrafoa's Jewellery Shop.
 42646 | Bazaar   | Found Rutipueg's Book Boutique.
 42672 | Bazaar   | Bought a +3 ring of intelligence for 204 gold pieces
 42672 | Bazaar   | Bought a cursed ring of teleportation for 58 gold pieces
 42672 | Bazaar   | Bought an uncursed ring of protection from fire for 325 gold pieces
 42672 | Bazaar   | Bought a ring of the Octopus King {rCorr AC+1 EV+1 Str+1 Int+1 Dex+1} for 542 gold pieces
 42871 | Elf:3    | Reached skill level 15 in Shields
 43571 | D:13     | Noticed Rupert
 43578 | D:13     | Killed Rupert
 43578 | D:13     | Received a gift from Okawaru
 43626 | D:13     | Found Haweaclarph's General Store.
 43887 | D:13     | Received a gift from Okawaru
 44250 | D:13     | Noticed fazisi's ghost (journeyman DsFE)
 44261 | D:13     | Killed fazisi's ghost
 44294 | D:13     | Found a runed door.
 44427 | D:13     | Found a runed door.
 44450 | D:13     | Found a runed door.
 44503 | D:13     | Found a runed door.
 44517 | D:13     | Noticed Urug
 44528 | D:13     | Killed Urug
 45038 | D:13     | Reached skill level 10 in Dodging
 45117 | D:13     | Found a gate to the Vaults.
 45390 | D:14     | Found Weplienn's Armour Emporium.
 45488 | D:14     | Got a spiked cloak
 45499 | D:14     | Identified the -5 cloak "Athezeng" {+Fly} (You acquired it on level 14 of the Dungeon)
 45512 | D:14     | Got an encrusted dagger
 45513 | D:14     | Identified the +3 dagger of Dufen {antimagic, +Rage Int+5 Dex+2} (You found it on level 14 of the Dungeon)
 45562 | D:14     | Reached skill level 12 in Fighting
 46140 | D:14     | Reached XP level 22. HP: 157/165 MP: 29/29
 46449 | D:15     | Entered Level 15 of the Dungeon
 46943 | D:15     | Reached skill level 6 in Throwing
 47041 | D:15     | Found a staircase to the Depths.
 47412 | Depths:1 | Entered Level 1 of the Depths
 47436 | Depths:1 | Reached skill level 13 in Armour
 47450 | Depths:1 | Found Buoteb's Assorted Antiques.
 47801 | Depths:1 | Received a gift from Okawaru
 47836 | Depths:1 | Gained mutation: You possess an exceptional clarity of mind. [potion of mutation]
 47836 | Depths:1 | Gained mutation: Your body sometimes deteriorates upon taking damage. [potion of mutation]
 47836 | Depths:1 | Gained mutation: Armour fits poorly on your strangely shaped body. [potion of mutation]
 48057 | Elf:1    | Lost mutation: You possess an exceptional clarity of mind. [potion of cure mutation]
 48057 | Elf:1    | Lost mutation: Your body sometimes deteriorates upon taking damage. [potion of cure mutation]
 48057 | Elf:1    | Lost mutation: Your mind is acute. (Int +2) [potion of cure mutation]
 48057 | Elf:1    | Lost mutation: Armour fits poorly on your strangely shaped body. [potion of cure mutation]
 48182 | Elf:3    | Received a gift from Okawaru
 48677 | Elf:3    | Reached skill level 7 in Throwing
 48705 | Elf:3    | Reached skill level 24 in Axes
 48948 | Elf:3    | HP: 32/167 [deep elf annihilator/iron shot (35)]
 49207 | Elf:3    | Got a crude ivory ring
 49258 | Elf:3    | Identified the ring "Xucsox" {rPois rF+ MR+ Slay+2} (You took it off a deep elf death mage on level 3 of the Elven Halls)
 49314 | Elf:3    | Identified Sif Muna's Collected Works on Gliding Stolen Souls
 49579 | Elf:3    | Identified the Incunabulum of the Burning Mountains
 49581 | Elf:3    | Identified the ring of Vetzerha {rElec MP-9 Str+8 Dex+2} (You found it on level 3 of the Elven Halls)
 49582 | Elf:3    | Identified the ring "Girelypn" {rPois rN+ Int+2} (You took it off a deep elf death mage on level 3 of the Elven Halls)
 49591 | Elf:3    | Identified Lexemn's Disquisition on Weightlessness and the Escort
 49633 | Elf:3    | Identified the Almanac of Gliding Unholy Rites
 50292 | Vaults:1 | Entered Level 1 of the Vaults
 50368 | Vaults:1 | Got a steaming scale mail
 50379 | Vaults:1 | Identified the +2 scale mail "Isisa" {rN++} (You found it on level 1 of the Vaults)
 50478 | Vaults:1 | Reached skill level 11 in Dodging
 50834 | Vaults:1 | Reached skill level 13 in Fighting
 50909 | Vaults:1 | Reached XP level 23. HP: 139/175 MP: 21/30
 50989 | Vaults:1 | Received a gift from Okawaru
 50993 | Vaults:1 | Reached skill level 14 in Armour
 51083 | Vaults:1 | Gained mutation: You are agile. (Dex +2) [potion of beneficial mutation]
 52164 | Vaults:3 | Received a gift from Okawaru
 52304 | Vaults:3 | Reached skill level 14 in Fighting
 52319 | Vaults:3 | Found Yletupp's Book Shop.
 52319 | Vaults:3 | Found Icre's Book Shop.
 52356 | Vaults:3 | Reached skill level 25 in Axes
 52385 | Vaults:3 | Found Qekauta's Jewellery Shop.
 52561 | Vaults:3 | Found a magical portal.
 52592 | WizLab   | Entered The Hall of the Hellbinder
 52815 | WizLab   | Reached skill level 15 in Armour
 53076 | WizLab   | Reached XP level 24. HP: 160/186 MP: 19/30
 53223 | WizLab   | Found a burning altar of Makhleb.
 53244 | WizLab   | Identified a +2 rod of shadows (9/9) (You found it in a wizard's laboratory)
 53247 | WizLab   | Identified Zokhyef's Guide on the Entourage
 53254 | WizLab   | Identified the Papyrus of the Escort
 53677 | Vaults:2 | Found Onnie's Distillery.
 55141 | Vaults:3 | Received a gift from Okawaru
 55329 | Vaults:3 | Found a staircase to the Crypt.
 55417 | Vaults:3 | Reached skill level 26 in Axes
 55426 | Vaults:3 | Received a gift from Okawaru
 55591 | Vaults:3 | Bought the amulet of the Dropbear {Reflect rElec Int+6 Dex+2 SH+6 Stlth+} for 703 gold pieces
 56492 | Vaults:4 | Reached XP level 25. HP: 156/192 MP: 15/30
 56704 | Vaults:4 | Received a gift from Okawaru
 57008 | Vaults:4 | Reached skill level 27 in Axes
 57715 | Vaults:5 | Entered Level 5 of the Vaults
 57745 | Vaults:5 | Noticed an ancient lich
 57746 | Vaults:5 | Received a gift from Okawaru
 57746 | Vaults:5 | Reached skill level 16 in Armour
 57748 | Vaults:5 | Reached skill level 15 in Fighting
 57770 | Vaults:5 | Killed an ancient lich
 57842 | Vaults:5 | Reached skill level 16 in Shields
 57888 | Vaults:5 | Reached XP level 26. HP: 155/202 MP: 18/30
 57916 | Vaults:5 | Got a slimy cloak
 57927 | Vaults:5 | Identified the +2 cloak "Esiff" {MR+} (You found it on level 5 of the Vaults)
 57972 | Vaults:5 | Reached skill level 12 in Dodging
 58136 | Vaults:5 | Reached skill level 17 in Armour
 58190 | Vaults:5 | Got an ancient spear
 58191 | Vaults:5 | Identified the +9 spear of the Owl {freeze, rF- Str+4 SInv} (You found it on level 5 of the Vaults)
 58304 | Vaults:5 | Received a gift from Okawaru
 58597 | Vaults:5 | Got a bloodstained leather armour
 58665 | Vaults:5 | Got a pitted shield {god gift}
 58711 | Vaults:5 | Got a silver rune of Zot
 59168 | Vaults:5 | Identified the +0 shield of the Townfolk {Regen+} (Okawaru gifted it to you on level 5 of the Vaults)
 59208 | Vaults:5 | Reached skill level 18 in Armour
 59212 | Vaults:5 | Reached skill level 16 in Fighting
 59345 | Vaults:5 | Reached skill level 17 in Shields
 59401 | Vaults:5 | Identified Nebydwof's Handbook of Confrontation and the Birds
 59903 | Vaults:5 | Got an ichor-stained mace
 59908 | Vaults:5 | Got a smelly ring mail
 59921 | Vaults:5 | Identified the +2 ring mail of Anettu {rPois Str-2 Int+3} (You found it on level 5 of the Vaults)
 60021 | Vaults:5 | Got an encrusted trident
 60113 | Vaults:5 | Received a gift from Okawaru
 60970 | D:12     | Reached skill level 7 in Evocations
 61063 | Orc:2    | Bought 2 scrolls of enchant armour for 225 gold pieces
 61063 | Orc:2    | Bought a scroll of enchant armour for 112 gold pieces
 61063 | Orc:2    | Bought a scroll of enchant armour for 112 gold pieces
 61105 | Orc:2    | Bought a scroll of enchant armour for 97 gold pieces
 61188 | Elf:1    | Bought a scroll of enchant armour for 90 gold pieces
 61200 | Elf:1    | Bought a scroll of holy word for 90 gold pieces
 61200 | Elf:1    | Bought a scroll of holy word for 90 gold pieces
 61591 | Vaults:3 | Bought a manual of Throwing for 2208 gold pieces
 61648 | Crypt:1  | Entered Level 1 of the Crypt
 61661 | Crypt:1  | Reached skill level 8 in Throwing
 61743 | Crypt:1  | Reached skill level 9 in Throwing
 61860 | Crypt:1  | Received a gift from Okawaru
 61864 | Crypt:1  | Reached XP level 27. HP: 211/211 MP: 19/30
 61910 | Crypt:1  | Found a basalt altar of Yredelemnul.
 61993 | Crypt:1  | Reached skill level 10 in Throwing
 62218 | Crypt:1  | Reached skill level 11 in Throwing
 62477 | Crypt:1  | Found an ancient bone altar of Kikubaaqudgha.
 62575 | Crypt:2  | Received a gift from Okawaru
 62590 | Crypt:2  | Noticed Boris
 62602 | Crypt:2  | Killed Boris
 62602 | Crypt:2  | Reached skill level 12 in Throwing
 62625 | Crypt:2  | Reached skill level 13 in Throwing
 63137 | Crypt:2  | Upgraded the game from 0.19-a0-1907-gcff654f to 0.19-a0-1920-g83281cb
 63521 | Crypt:3  | Entered Level 3 of the Crypt
 63812 | Crypt:3  | Received a gift from Okawaru
 63965 | Crypt:3  | Reached skill level 13 in Dodging
 63997 | Crypt:3  | Reached skill level 8 in Evocations
 64020 | Crypt:3  | Found an ancient bone altar of Kikubaaqudgha.
 64095 | Crypt:3  | Reached skill level 17 in Fighting
 64146 | Crypt:3  | Identified a +1 pair of boots of running (You acquired it on level 3 of the Crypt)
 64236 | Crypt:3  | Reached skill level 19 in Armour
 64295 | Crypt:3  | Got a twisted trident {holy}
 64298 | Crypt:3  | Identified the ring of Ofreiwk {+Blink +Inv rPois MP-9 Dex+3} (You took it off a deep elf death mage on level 3 of the Crypt)
 64622 | Crypt:3  | Noticed Jory
 64626 | Crypt:3  | Reached skill level 9 in Evocations
 64644 | Crypt:3  | Killed Jory
 64661 | Crypt:3  | Found a staircase to the Tomb.
 65383 | Depths:1 | Noticed a juggernaut
 65428 | Depths:1 | Killed a juggernaut
 65428 | Depths:1 | Received a gift from Okawaru
 65845 | Depths:1 | Got a polished scale mail
 65856 | Depths:1 | Identified the +1 scale mail of Conscience {rElec Str+3 Dex+3 SInv} (You found it on level 1 of the Depths)
 65973 | Depths:1 | Reached skill level 18 in Fighting
 65976 | Depths:1 | Found a one-way gate leading to the halls of Pandemonium.
 66135 | Depths:2 | Noticed Asterion
 66153 | Depths:2 | Killed Asterion
 66331 | Depths:2 | Reached skill level 20 in Armour
 66354 | Depths:2 | Received a gift from Okawaru
 66521 | Depths:2 | Gained mutation: You are weak. (Str -2) [a neqoxec]
 66572 | Depths:2 | Reached skill level 10 in Evocations
 68093 | Depths:3 | Reached skill level 14 in Dodging
 68299 | Depths:3 | Reached skill level 19 in Fighting
 68658 | Depths:3 | Noticed a juggernaut
 68672 | Depths:3 | Killed a juggernaut
 68672 | Depths:3 | Received a gift from Okawaru
 68757 | Depths:3 | Reached skill level 21 in Armour
 68777 | Depths:3 | Reached skill level 20 in Fighting
 68797 | Depths:3 | Got a brightly glowing cloak
 68808 | Depths:3 | Identified the cursed +0 cloak of Fehaumiynk {MR+} (You found it on level 3 of the Depths)
 68835 | Depths:3 | Got a flickering marble ring
 69063 | Depths:3 | Received a gift from Okawaru
 69860 | Depths:3 | Reached skill level 21 in Fighting
 70341 | Depths:4 | Received a gift from Okawaru
 70625 | Depths:4 | Noticed Frederick
 70636 | Depths:4 | Killed Frederick
 70640 | Depths:4 | Identified the ring of Caapra {rC+ Int+3 Dex+4} (You took it off a spriggan air mage on level 3 of the Depths)
 70776 | Depths:4 | Found a one-way gate to the infinite horrors of the Abyss.
 70787 | Depths:4 | Reached skill level 22 in Fighting
 70802 | Depths:4 | Reached skill level 22 in Armour
 71014 | Depths:5 | Entered Level 5 of the Depths
 71087 | Depths:5 | Found a gateway to a ziggurat.
 71279 | Depths:5 | Found a gate to the Realm of Zot.
 71290 | Depths:5 | Received a gift from Okawaru
 71406 | Depths:5 | Received a gift from Okawaru
 71412 | Depths:5 | Found Minoutis's Weapon Shoppe.
 71453 | Depths:5 | Found Locwizxa's Distillery.
 71478 | Depths:5 | Reached skill level 23 in Fighting
 71612 | Depths:5 | Bought 2 potions of invisibility for 304 gold pieces
 71612 | Depths:5 | Bought a potion of resistance for 190 gold pieces
 71612 | Depths:5 | Bought a potion of heal wounds for 95 gold pieces
 71839 | Depths:5 | Noticed a juggernaut
 71846 | Depths:5 | Killed a juggernaut
 72342 | Slime:1  | Entered Level 1 of the Pits of Slime
 73054 | Slime:2  | Gained mutation: You are very weak. (Str -4) [a shining eye]
 73055 | Slime:2  | Received a gift from Okawaru
 74857 | Slime:4  | Noticed Dissolution
 74881 | Slime:4  | Killed Dissolution
 74881 | Slime:4  | Reached skill level 24 in Fighting
 74905 | Slime:4  | Reached skill level 23 in Armour
 75379 | Slime:4  | Received a gift from Okawaru
 75387 | Slime:4  | Gained mutation: You possess an exceptional clarity of mind. [a shining eye]
 75389 | Slime:4  | Gained mutation: Your magical capacity is low. (-10% MP) [a shining eye]
 75396 | Slime:4  | Gained mutation: Your body sometimes deteriorates upon taking damage. [a shining eye]
 75466 | Slime:5  | Entered Level 5 of the Pits of Slime
 75725 | Slime:5  | Noticed the Royal Jelly
 75740 | Slime:5  | Killed the Royal Jelly
 75778 | Slime:5  | Got a brightly glowing scale mail
 75789 | Slime:5  | Identified the +3 scale mail "Ekhay" {rC+ rN+ Stlth+} (You found it on level 5 of the Pits of Slime)
 75822 | Slime:5  | Identified the Catalogue of Weightlessness and Poisoning
 75878 | Slime:5  | Identified The Lost Secrets of Spellcasting
 75890 | Slime:5  | Got a scorched bronze amulet
 75891 | Slime:5  | Identified the amulet "Zahaic" {-Tele rPois rC+ Regen+ SInv} (You found it on level 5 of the Pits of Slime)
 75963 | Slime:5  | Got a slimy rune of Zot
 76558 | Tomb:1   | Entered Level 1 of the Tomb of the Ancients
 76685 | Tomb:1   | Reached skill level 25 in Fighting
 77025 | Tomb:1   | Noticed Sojobo
 77035 | Tomb:1   | Killed Sojobo
 77064 | Tomb:1   | Got a jewelled cloak
 77065 | Tomb:1   | Identified the -5 cloak of Naphot {*Contam Slay+3 SInv} (You acquired it on level 1 of the Tomb of the Ancients)
 77086 | Tomb:1   | Got a smoking scale mail
 77097 | Tomb:1   | Identified the +1 scale mail "Jur Xyst" {Str+2 Int+4 Stlth-} (You found it on level 1 of the Tomb of the Ancients)
 77237 | Tomb:1   | HP: 52/242 [??? (32)]
 77450 | Tomb:1   | Noticed a greater mummy
 77460 | Tomb:1   | Killed a greater mummy
 77460 | Tomb:1   | Received a gift from Okawaru
 77730 | Tomb:1   | HP: 51/242 [??? (32)]
 77797 | Crypt:3  | taqueso: ok fuck tomb
 78368 | Temple   | Fell from the grace of Okawaru
 78368 | Temple   | Became a worshipper of the Shining One
 78680 | Hell     | Entered the Vestibule of Hell
 78680 | Hell     | Noticed Geryon
 78693 | Hell     | Reached * piety under the Shining One
 78732 | Hell     | Killed Geryon
 78732 | Hell     | Reached skill level 11 in Invocations
 78732 | Hell     | Reached ** piety under the Shining One
 78800 | Hell     | Reached *** piety under the Shining One
 78812 | Hell     | Reached skill level 11 in Evocations
 78869 | Hell     | Reached skill level 12 in Invocations
 78904 | Hell     | Reached **** piety under the Shining One
 78913 | Hell     | Found a gateway to the Iron City of Dis.
 79044 | Hell     | Found a gateway to the decaying netherworld of Tartarus.
 79141 | Hell     | Reached ***** piety under the Shining One
 79237 | Hell     | Found a gateway to the freezing wastes of Cocytus.
 79252 | Hell     | Reached skill level 13 in Invocations
 79374 | Hell     | Found a gateway to the ashen valley of Gehenna.
 79448 | Tar:1    | Entered Level 1 of Tartarus
 79542 | Tar:1    | Reached ****** piety under the Shining One
 79886 | Tar:2    | Reached skill level 14 in Invocations
 79923 | Tar:2    | Reached skill level 15 in Invocations
 80031 | Tar:2    | Lost mutation: You are agile. (Dex +2) [potion of cure mutation]
 80031 | Tar:2    | Lost mutation: You are very weak. (Str -4) [potion of cure mutation]
 80031 | Tar:2    | Lost mutation: Your body sometimes deteriorates upon taking damage. [potion of cure mutation]
 80254 | Tar:2    | Reached skill level 16 in Invocations
 80545 | Tar:2    | Reached skill level 17 in Invocations
 81059 | Tar:2    | Reached skill level 18 in Invocations
 81367 | Tar:5    | Reached skill level 19 in Invocations
 81506 | Tar:5    | Reached skill level 20 in Invocations
 82115 | Tar:6    | Reached skill level 26 in Fighting
 82115 | Tar:6    | Reached skill level 21 in Invocations
 82575 | Tar:7    | Entered Level 7 of Tartarus
 83889 | Tar:7    | Reached skill level 27 in Fighting
 84080 | Tar:7    | Was forgiven by Okawaru
 84370 | Tar:7    | Reached skill level 24 in Armour
 84867 | Tar:7    | Reached skill level 18 in Shields
 85012 | Tar:7    | Noticed Ereshkigal
 85026 | Tar:7    | Killed Ereshkigal
 85210 | Tar:7    | Got a bone rune of Zot
 87255 | Depths:4 | Voluntarily entered the Abyss.
 87526 | Abyss:2  | Found a corrupted altar of Lugonu.
 87909 | Abyss:3  | Reached skill level 19 in Shields
 87991 | Abyss:3  | Got an abyssal rune of Zot
 88037 | Abyss:3  | Gained mutation: You are frail. (-10% HP) [a neqoxec]
 88112 | Depths:4 | Escaped the Abyss
 88158 | Pan      | Entered Pandemonium
 88189 | Pan      | Reached skill level 25 in Armour
 88544 | Pan      | Noticed a pearl dragon
 88553 | Pan      | Killed a pearl dragon
 89060 | Pan      | HP: 44/224 [daeva/eudemon blade of holy wrath (15)]
 89062 | Pan      | HP: 21/224 [daeva/divine providence (16)]
 89063 | Pan      | HP: 10/224 [daeva/divine providence (12)]
 89063 | Pan      | The Shining One protects you from harm!
 89063 | Pan      | Killed from afar by a daeva

Vault maps used:
D:1:      dpeg_arrival_concentric_ovals, okawaru_ov_weapons_minmay
D:2:      uniq_robin
D:3:      chequers_temple_overflow_minitemple, first_bread, uniq_sigmund,
          uniq_terence
D:4:      elyvilon_altar_3, makhleb_blood_cavern_becter, marbit_many_paths,
          kennysheep_mini, uniq_menkaure
D:5:      nicolae_overflow_crystal_walls
D:6:      trog_eyes_of_draining
D:7:      gammafunk_temple_overflow_pools
D:8:      minmay_weird_star, chequers_ossuary_entry_cave,
          guppyfry_early_elven_hall, uniq_erica
D:9:      grunt_dithmenos_shadows, the_bakery
D:10:     lair_0_dummy, serial_shops, shop_statue
D:12:     orc_0_dummy, serial_shops, nicolae_shop_overgrown_old_shop, hex_large,
          uniq_fannar
D:13:     minmay_elf_outpost, hangedman_vaults_entry_quadrant_bands,
          serial_shops, nicolae_shop_temple_entry_statues_fountains,
          minmay_statue_crystal_thing, uniq_urug, uniq_rupert
D:14:     grunt_decor_one_mirror, serial_shops, shop_coins
D:15:     grunt_enter_depths_hoard, hangedman_decor_peaks_small,
          lemuel_freeze_loot_1
Temple:   nicolae_temple_x_marks_the_god
Lair:1:   statuecave_lemuel, grunt_forest_large_clearings,
          infiniplex_staircase_pool_2, lemuel_fruit_tree
Lair:2:   minmay_swamp_entry_worms, portal_ice_cave_entry_pillars_2,
          grunt_megastairs_2
Lair:3:   dummy_spider_entry
Lair:4:   cheibrodos_lair_reptile_den, infiniplex_staircase_pool
Lair:5:   slime_altar_2, beast_lair_carwin_6
Lair:6:   evil_forest
Swamp:1:  hangedman_swamp_cone, uniq_louise
Swamp:2:  evilmike_swamp_ruin_rubble_2
Swamp:3:  nicolae_swamp_round_clearing
Swamp:4:  swamp_alternative, uniq_donald, uniq_bai_suzhen, uniq_nikola
Spider:2: guppyfry_spider_mini_2
Spider:3: uniq_arachne, uniq_azrael
Spider:4: guppyfry_spider_rune
Slime:3:  cheibrodos_slime_lost_civilization_1
Slime:4:  cheibrodos_slime_lost_civilization_4, uniq_dissolution
Orc:1:    nicolae_for_you_no_charge
Orc:2:    st_orc_town, basic_altar
Elf:1:    eino_elf_arrival_altar, serial_shops, shop, shop_fountains, shop,
          shop, hangedman_elven_crosses_minicolossus, grunt_megastairs_4,
          uniq_agnes
Elf:2:    spider_trap, nrook_mini_backslash, uniq_saint_roka
Elf:3:    minmay_elf_hall_dome, serial_shops, bzr_entry_gold, basic_altar,
          serial_glass, glass_columns_a, glass_columns_a, stair_cage_wide,
          grunt_ministairs_7
Vaults:1: ontoclasm_vaults_twist, v_misc_27, vaults_room_corners, v_misc_4,
          v_misc_33, v_alt_pattern_4, nicolae_vaults_shelves_hall, v_misc_33,
          nicolae_vaults_three_branches, st_quartered_hall, vaults_dpeg_doors
Vaults:2: grunt_vaults_trifunnel, ontoclasm_vaults_decontamination, v_misc_28,
          nicolae_vaults_network_periphery, nicolae_vaults_triangles, v_misc_18,
          ontoclasm_vaults_gateway, vaults_mumra_hex, serial_shops,
          nicolae_shop_waterfront
Vaults:3: ontoclasm_vaults_ring_large, ontoclasm_vaults_eye,
          hangedman_vaults_slice, hangedman_vaults_hard_town_square,
          minmay_crypt_entry_simple_walls, nicolae_vaults_what_the_h, v_rooms_6,
          vaults_room_pools, ontoclasm_vaults_chip, v_alt_pattern_1,
          hangedman_vaults_slice, grunt_vaults_hallway_long,
          infiniplex_enter_wizlab_glasses
Vaults:4: hangedman_vaults_nails, v_alt_pattern_4, vaults_mumra_chevron_long,
          hangedman_vaults_impose, vaults_standard_mumra_x,
          hangedman_vaults_stagger, nicolae_vaults_quartermaster,
          nicolae_vaults_mini_display_case, hangedman_vaults_corner,
          ontoclasm_vaults_pinch, v_rooms_3
Vaults:5: serial_shops
Crypt:1:  minmay_shadows, hangedman_feature_mirror
Crypt:2:  hangedman_screamer
Crypt:3:  grunt_crypt_end_deaths_head
Tomb:1:   uniq_sojobo, uniq_mennas
Depths:1: grunt_deathspiral_small, serial_shops, nicolae_shop_statue_plus,
          grunt_hell_entry_dis_grunt, pan_entry, hangedman_decor_diamond_cutter,
          lemuel_flame_loot_1
Depths:2: radiant_caverns_b_rkd, hell_entry, uniq_asterion
Depths:3: hangedman_box_tower, dk_noncrumbling_3, grunt_pan_entry_zigzag,
          hell_entry, kennysheep_crisscross, nrook_pool_corridor,
          infiniplex_staircase_zigzag_3
Depths:4: minmay_guarded_unrand_guard, abyss_entry, rand_demon_pan_entry_9,
          hell_entry, hangedman_decor_push, kennysheep_windowed_goal,
          uniq_frederick
Depths:5: evilmike_zot_entry_round, enter_ziggurat_b, hell_entry,
          abyss_entry_small_statue_room, minmay_crystal_room,
          grunt_megastairs_1, minmay_shoptagon
Tar:2:    evilmike_ambush, lemuel_elevator
Tar:5:    evilmike_ambush
Tar:6:    nicolae_tar_cuneiform_city
Tar:7:    tar_minmay_river
Abyss:2:  evilmike_abyss_exit_mutagenic, hangedman_abyss_feature_spike,
          minivault_28
Abyss:3:  hangedman_decor_lopped, hangedman_decor_riveting,
          evilmike_abyss_exit_16
Pan:      evilmike_holy_pan
Bazaar:   bazaar_mystics
Ossuary:  ossuary_zaba_flooded
IceCv:    ice_cave_caverns_02
WizLab:   wizlab_demon

Skill      XL: |  1  2  3  4  5  6  7  8  9 10 11 12 13 14 15 16 17 18 19 20 21 22 23 24 25 26 27 |
---------------+----------------------------------------------------------------------------------+-----
Axes           | 4 5 6 7 9 10 12 13 14 15 17 18 20 21 22 23 24 25 26 27 | 27.0
Armour         | 1 2 3 4 7 8 10 11 12 13 15 16 18 25 | 25.6
Invocations    | 1 2 3 5 10 21 | 21.7
Evocations     | 4 6 7 11 | 11.6
Dodging        | 4 5 7 8 9 10 11 12 14 | 14.9
Fighting       | 5 7 8 10 11 12 13 14 15 16 27 | 27.0
Shields        | 7 10 12 13 14 15 16 17 19 | 19.2
Throwing       | 5 7 9 13 | 13.6
Stealth        | |  2.4

Action                   |  1- 3 |  4- 6 |  7- 9 | 10-12 | 13-15 | 16-18 | 19-21 | 22-24 | 25-27 || total
-------------------------+-------+-------+-------+-------+-------+-------+-------+-------+-------++-------
Melee: Hand axe          |    92 |   238 |    49 |       |       |       |       |       |       ||   379
       Punch             |       |     1 |       |     7 |    18 |       |       |       |       ||    26
       War axe           |       |       |   327 |       |       |       |       |       |       ||   327
       Battleaxe         |       |       |       |   541 |  1019 |   873 |   693 |  1133 |  4153 ||  8412
Throw: Stone             |    19 |   118 |   193 |   244 |   607 |   490 |   611 |   197 |   712 ||  3191
       Tomahawk          |       |       |    26 |       |       |       |       |    12 |   313 ||   351
       Javelin           |       |       |       |     1 |     5 |       |       |    26 |   232 ||   264
Invok: Heroism           |       |     6 |     3 |    15 |    31 |    13 |    22 |    27 |    59 ||   176
       Finesse           |       |       |       |     4 |     2 |     4 |     3 |     6 |    22 ||    41
       Summon Divine War |       |       |       |       |       |       |       |       |    40 ||    40
       Divine Shield     |       |       |       |       |       |       |       |       |    25 ||    25
       Cleansing Flame   |       |       |       |       |       |       |       |       |    17 ||    17
 Abil: Dig               |       |     1 |       |    10 |    20 |     4 |    10 |     3 |    16 ||    64
Evoke: Wand              |       |       |       |       |     4 |       |       |     6 |    16 ||    26
       Phial of floods   |       |       |       |       |       |     1 |       |       |       ||     1
       Box of beasts     |       |       |       |       |       |       |       |       |     1 ||     1
  Use: Potion            |       |     4 |     2 |    10 |     4 |     1 |     2 |     5 |    13 ||    41
       Scroll            |       |     1 |    16 |    12 |     8 |    11 |     8 |     8 |    34 ||    98
 Stab: Sleeping          |     3 |       |       |       |       |       |       |       |     5 ||     8
       Invisible         |       |       |       |     1 |       |       |       |       |       ||     1
       Confused          |       |       |       |       |       |     2 |       |       |       ||     2
       Distracted        |       |       |       |       |       |       |     1 |       |    10 ||    11
  Eat: Chunk             |     1 |     8 |    12 |    34 |    72 |    33 |    27 |    30 |    38 ||   255
       Bread ration      |       |       |     1 |       |       |       |       |       |    17 ||    18
       Fruit             |       |       |     3 |     6 |       |       |       |       |     9 ||    18
       Beef jerky        |       |       |     3 |       |     1 |       |       |       |       ||     4
       Meat ration       |       |       |       |     1 |       |       |       |       |       ||     1
       Pizza             |       |       |       |     1 |       |       |       |       |       ||     1
Armor: Chain mail        |    46 |   102 |   152 |   269 |   283 |   384 |   108 |   121 |   530 ||  1995
       Robe              |     4 |       |       |       |       |       |       |       |       ||     4
       Skin              |       |    18 |       |       |       |       |       |       |       ||    18
       Plate armour      |       |       |       |       |    81 |       |       |       |       ||    81
Dodge: Dodged            |    51 |    81 |   122 |   321 |   619 |   474 |   150 |   297 |  1183 ||  3298
Block: Shield            |       |       |       |       |       |   179 |       |       |  2199 ||  2378
       Large shield      |       |       |       |       |       |   409 |   604 |   911 |  1203 ||  3127
       Reflection        |       |       |       |       |       |       |       |    29 |   173 ||   202

Vault maps used:
D:1:      dpeg_arrival_concentric_ovals, okawaru_ov_weapons_minmay
D:2:      uniq_robin
D:3:      chequers_temple_overflow_minitemple, first_bread, uniq_sigmund,
          uniq_terence
D:4:      elyvilon_altar_3, makhleb_blood_cavern_becter, marbit_many_paths,
          kennysheep_mini, uniq_menkaure
D:5:      nicolae_overflow_crystal_walls
D:6:      trog_eyes_of_draining
D:7:      gammafunk_temple_overflow_pools
D:8:      minmay_weird_star, chequers_ossuary_entry_cave,
          guppyfry_early_elven_hall, uniq_erica
D:9:      grunt_dithmenos_shadows, the_bakery
D:10:     lair_0_dummy, serial_shops, shop_statue
D:12:     orc_0_dummy, serial_shops, nicolae_shop_overgrown_old_shop, hex_large,
          uniq_fannar
D:13:     minmay_elf_outpost, hangedman_vaults_entry_quadrant_bands,
          serial_shops, nicolae_shop_temple_entry_statues_fountains,
          minmay_statue_crystal_thing, uniq_urug, uniq_rupert
D:14:     grunt_decor_one_mirror, serial_shops, shop_coins
D:15:     grunt_enter_depths_hoard, hangedman_decor_peaks_small,
          lemuel_freeze_loot_1
Temple:   nicolae_temple_x_marks_the_god
Lair:1:   statuecave_lemuel, grunt_forest_large_clearings,
          infiniplex_staircase_pool_2, lemuel_fruit_tree
Lair:2:   minmay_swamp_entry_worms, portal_ice_cave_entry_pillars_2,
          grunt_megastairs_2
Lair:3:   dummy_spider_entry
Lair:4:   cheibrodos_lair_reptile_den, infiniplex_staircase_pool
Lair:5:   slime_altar_2, beast_lair_carwin_6
Lair:6:   evil_forest
Swamp:1:  hangedman_swamp_cone, uniq_louise
Swamp:2:  evilmike_swamp_ruin_rubble_2
Swamp:3:  nicolae_swamp_round_clearing
Swamp:4:  swamp_alternative, uniq_donald, uniq_bai_suzhen, uniq_nikola
Spider:2: guppyfry_spider_mini_2
Spider:3: uniq_arachne, uniq_azrael
Spider:4: guppyfry_spider_rune
Slime:3:  cheibrodos_slime_lost_civilization_1
Slime:4:  cheibrodos_slime_lost_civilization_4, uniq_dissolution
Orc:1:    nicolae_for_you_no_charge
Orc:2:    st_orc_town, basic_altar
Elf:1:    eino_elf_arrival_altar, serial_shops, shop, shop_fountains, shop,
          shop, hangedman_elven_crosses_minicolossus, grunt_megastairs_4,
          uniq_agnes
Elf:2:    spider_trap, nrook_mini_backslash, uniq_saint_roka
Elf:3:    minmay_elf_hall_dome, serial_shops, bzr_entry_gold, basic_altar,
          serial_glass, glass_columns_a, glass_columns_a, stair_cage_wide,
          grunt_ministairs_7
Vaults:1: ontoclasm_vaults_twist, v_misc_27, vaults_room_corners, v_misc_4,
          v_misc_33, v_alt_pattern_4, nicolae_vaults_shelves_hall, v_misc_33,
          nicolae_vaults_three_branches, st_quartered_hall, vaults_dpeg_doors
Vaults:2: grunt_vaults_trifunnel, ontoclasm_vaults_decontamination, v_misc_28,
          nicolae_vaults_network_periphery, nicolae_vaults_triangles, v_misc_18,
          ontoclasm_vaults_gateway, vaults_mumra_hex, serial_shops,
          nicolae_shop_waterfront
Vaults:3: ontoclasm_vaults_ring_large, ontoclasm_vaults_eye,
          hangedman_vaults_slice, hangedman_vaults_hard_town_square,
          minmay_crypt_entry_simple_walls, nicolae_vaults_what_the_h, v_rooms_6,
          vaults_room_pools, ontoclasm_vaults_chip, v_alt_pattern_1,
          hangedman_vaults_slice, grunt_vaults_hallway_long,
          infiniplex_enter_wizlab_glasses
Vaults:4: hangedman_vaults_nails, v_alt_pattern_4, vaults_mumra_chevron_long,
          hangedman_vaults_impose, vaults_standard_mumra_x,
          hangedman_vaults_stagger, nicolae_vaults_quartermaster,
          nicolae_vaults_mini_display_case, hangedman_vaults_corner,
          ontoclasm_vaults_pinch, v_rooms_3
Vaults:5: serial_shops
Crypt:1:  minmay_shadows, hangedman_feature_mirror
Crypt:2:  hangedman_screamer
Crypt:3:  grunt_crypt_end_deaths_head
Tomb:1:   uniq_sojobo, uniq_mennas
Depths:1: grunt_deathspiral_small, serial_shops, nicolae_shop_statue_plus,
          grunt_hell_entry_dis_grunt, pan_entry, hangedman_decor_diamond_cutter,
          lemuel_flame_loot_1
Depths:2: radiant_caverns_b_rkd, hell_entry, uniq_asterion
Depths:3: hangedman_box_tower, dk_noncrumbling_3, grunt_pan_entry_zigzag,
          hell_entry, kennysheep_crisscross, nrook_pool_corridor,
          infiniplex_staircase_zigzag_3
Depths:4: minmay_guarded_unrand_guard, abyss_entry, rand_demon_pan_entry_9,
          hell_entry, hangedman_decor_push, kennysheep_windowed_goal,
          uniq_frederick
Depths:5: evilmike_zot_entry_round, enter_ziggurat_b, hell_entry,
          abyss_entry_small_statue_room, minmay_crystal_room,
          grunt_megastairs_1, minmay_shoptagon
Tar:2:    evilmike_ambush, lemuel_elevator
Tar:5:    evilmike_ambush
Tar:6:    nicolae_tar_cuneiform_city
Tar:7:    tar_minmay_river
Abyss:2:  evilmike_abyss_exit_mutagenic, hangedman_abyss_feature_spike,
          minivault_28
Abyss:3:  hangedman_decor_lopped, hangedman_decor_riveting,
          evilmike_abyss_exit_16
Pan:      evilmike_holy_pan
Bazaar:   bazaar_mystics
Ossuary:  ossuary_zaba_flooded
IceCv:    ice_cave_caverns_02
WizLab:   wizlab_demon

Table legend:
 A = Turns spent in this place as a percentage of turns spent in the entire game.
 B = Non-inter-level travel turns spent in this place as a percentage of non-inter-level travel turns spent in the entire game.
 C = Inter-level travel turns spent in this place as a percentage of turns spent in this place.
 D = Turns resting spent in this place as a percentage of non-inter-level travel turns spent in this place.
 E = Turns spent auto-exploring this place as a percentage of non-inter-level travel turns spent in this place.
 F = Non-inter-level travel turns spent in this place divided by the number of levels of this place that you've seen.
                   A       B       C       D       E      F
               +-------+-------+-------+-------+-------+----------------------
         Total | 100.0 | 100.0 |   0.8 |   1.6 |   6.1 | 482.5
       Dungeon |  14.3 |  14.3 |   1.2 |   1.5 |  13.3 | 321.5
        Temple |   0.1 |   0.1 |   5.3 |   0.0 |  19.4 |  36.0
          Lair |   5.9 |   5.9 |   1.2 |   3.3 |   8.5 | 333.2
         Swamp |   4.5 |   4.5 |   1.0 |   3.5 |   8.6 | 377.0
   Spider Nest |   5.0 |   5.0 |   0.8 |   2.5 |   8.8 | 424.2
    Slime Pits |   3.7 |   3.7 |   0.9 |   0.0 |   6.0 | 251.4
  Orcish Mines |   4.1 |   4.1 |   1.0 |   0.6 |   7.5 | 693.5
   Elven Halls |   8.2 |   8.2 |   0.9 |   1.1 |   6.8 | 919.3
        Vaults |  13.1 |  13.1 |   1.1 |   1.2 |   5.0 | 884.2
         Crypt |   6.7 |   6.7 |   0.7 |   0.5 |   2.1 | 749.3
          Tomb |   1.5 |   1.5 |   0.0 |   4.1 |   2.2 | 508.0
        Depths |  11.4 |  11.4 |   0.5 |   1.1 |   4.5 | 771.2
          Hell |   1.9 |   1.9 |   0.5 |   0.0 |   3.0 | 627.0
      Tartarus |  11.2 |  11.2 |   0.4 |   3.0 |   2.2 | 541.7
         Abyss |   2.2 |   2.2 |   0.0 |   0.0 |   1.1 | 249.0
   Pandemonium |   1.9 |   1.9 |   0.0 |   0.3 |   1.1 | 649.0
        Bazaar |   0.1 |   0.1 |   0.0 |   0.0 |   0.0 |  41.0
       Ossuary |   0.8 |   0.8 |   0.0 |   3.0 |   9.3 | 268.0
      Ice Cave |   1.9 |   2.0 |   0.0 |   3.8 |   0.6 | 660.0
        Wizlab |   1.5 |   1.5 |   0.0 |   1.2 |   0.4 | 494.0
               +-------+-------+-------+-------+-------+----------------------

Table legend:
 A = Kills in this place as a percentage of kills in entire the game.
 B = Kills by you in this place as a percentage of kills by you in the entire game.
 C = Kills by friends in this place as a percentage of kills by friends in the entire game.
 D = Other kills in this place as a percentage of other kills in the entire game.
 E = Experience gained in this place as a percentage of experience gained in the entire game.
 F = Experience gained in this place divided by the number of levels of this place that you have seen.
                   A       B       C       D       E      F
               +-------+-------+-------+-------+-------+----------------------
         Total | 100.0 | 100.0 | 100.0 | 100.0 | 100.0 | 32554.0
       Dungeon |  12.4 |  13.1 |   0.6 |   0.0 |   3.5 | 5247.5
          Lair |   4.3 |   4.5 |   0.0 |   0.0 |   2.5 | 9375.5
         Swamp |   4.0 |   4.2 |   0.0 |   0.0 |   3.4 | 19100.0
   Spider Nest |   5.7 |   6.0 |   0.6 |   3.7 |   3.8 | 21376.8
    Slime Pits |   3.9 |   4.2 |   0.0 |   0.0 |   5.7 | 25809.8
  Orcish Mines |   3.8 |   4.0 |   0.0 |   0.0 |   0.7 | 7477.0
   Elven Halls |   6.1 |   6.4 |   0.0 |  11.1 |   7.4 | 56294.3
        Vaults |  16.0 |  16.7 |   0.0 |  29.6 |  19.8 | 90080.6
         Crypt |   6.9 |   7.2 |   0.0 |   3.7 |   7.2 | 54577.7
          Tomb |   1.0 |   1.0 |   0.0 |   0.0 |   2.0 | 45756.0
        Depths |  11.7 |  12.0 |   0.0 |  37.0 |  18.2 | 82983.0
          Hell |   2.3 |   2.4 |   0.0 |   3.7 |   2.7 | 62540.0
      Tartarus |  15.5 |  11.9 |  90.1 |   3.7 |  18.1 | 59052.4
         Abyss |   3.2 |   2.9 |   8.7 |   0.0 |   2.2 | 17065.0
   Pandemonium |   0.6 |   0.7 |   0.0 |   0.0 |   1.6 | 37283.0
       Ossuary |   0.8 |   0.9 |   0.0 |   0.0 |   0.0 | 826.0
      Ice Cave |   1.3 |   1.3 |   0.0 |   7.4 |   0.5 | 11948.0
        Wizlab |   0.6 |   0.6 |   0.0 |   0.0 |   0.7 | 17056.0
               +-------+-------+-------+-------+-------+----------------------
